 Dungeon Crawl Stone Soup version 0.21-a0-442-g848f44b (webtiles) character file.

11 slep the Magician (level 2, -1/21 HPs)
             Began as a Formicid Wanderer on Nov 16, 2017.
             Succumbed to a kobold's poison
             ... on level 1 of the Dungeon.
             The game lasted 00:01:55 (209 turns).

slep the Magician (Formicid Wanderer)                Turns: 209, Time: 00:01:56

Health: -1/21      AC:  2    Str: 18    XL:     2   Next: 40%
Magic:  5/5        EV: 11    Int: 10    God:
Gold:   0          SH:  0    Dex:  9    Spells: 6/6 levels left

rFire    . . .     SeeInvis +   e - +0 club
rCold    . . .     Gourm    .   (no shield)
rNeg     . . .     Faith    .   d - +0 robe
rPois    .         Spirit   .   (helmet unavailable)
rElec    .         Reflect  .   (no cloak)
rCorr    +         Harm     .   (no gloves)
MR       .....                  (no boots)
Stlth    +.........             (no amulet)
HPRegen  0.07/turn              h - ring of resist corrosion
MPRegen  0.09/turn              (no ring)

@: lethally poisoned (-1 -> -15)
A: permanent stasis, dig shafts and tunnels, four strong arms, antennae 3
a: Dig, Shaft Self


You were on level 1 of the Dungeon.
You were not hungry.

You visited 1 branch of the dungeon, and saw 1 of its levels.

Inventory:

Hand Weapons
 e - a +0 club (weapon)
Armour
 d - a +0 robe (worn)
Jewellery
 h - a ring of resist corrosion (left hand)
Books
 a - a book of Air

   Spells                             Type                      Level
   a - Shock                          Conjuration/Air              1
   b - Swiftness                      Charms/Air                   2
   c - Static Discharge               Conjuration/Air              3
   d - Airstrike                      Air                          4
   e - Lightning Bolt                 Conjuration/Air              5
 b - Ockodi's Tome of Venom

   Spells                             Type                      Level
   a - Sting                          Conjuration/Poison           1
   b - Ignite Poison                  Fire/Transmutation/Poison    3
 c - the Volume of Earth

   Spells                             Type                      Level
   a - Sandblast                      Earth                        1
   b - Stone Arrow                    Conjuration/Earth            3
Comestibles
 f - 2 bread rations
 i - 5 chunks of flesh


   Skills:
 + Level 1.2 Fighting
   Level 1.0 Axes
 + Level 1.1 Throwing
 + Level 1.4 Armour
 + Level 1.2 Stealth
 + Level 2.7 Spellcasting
   Level 1.5 Air Magic
   Level 1.2 Earth Magic


You had 6 spell levels left.
You didn't know any spells.

Dungeon Overview and Level Annotations

Branches:
Dungeon (1/15)

Altars:


Innate Abilities, Weirdness & Mutations

You cannot be hasted, slowed, berserked, paralysed or teleported.
You can dig through walls and to a lower floor.
Your four strong arms can wield two-handed weapons with a shield.
You have a pair of large antennae on your head. (SInv)


Message History

You hit the kobold.
The kobold is severely wounded.
You feel sick. The kobold closely misses you.
You closely miss the kobold.
The kobold is severely wounded.
You feel sick.
The kobold hits you with a short sword of venom.
You are more poisoned.
You hit the kobold.
You kill the kobold!
* * * LOW HITPOINT WARNING * * *
You feel sick.
You hit the hobgoblin.
The hobgoblin is almost dead.
* * * LOW HITPOINT WARNING * * *
You feel sick. The hobgoblin hits you.
* * * LOW HITPOINT WARNING * * *
You closely miss the hobgoblin.
The hobgoblin is almost dead.
You die...

### ................# #.........
... ..............####.........
... #....#..#............#####
...#####....#....######..........
?..(.(..........##≈##≈##...######
...........(...##≈P≈≈P≈##..#
...#######.....#≈P8PP8P≈#..# ...
#.....##≈P..P.##..# ...
#....gg@≈≈<.......# ...
#.....##≈♣..P.##..# ...
#...#.#≈♣8♣P8P≈#..# # ...
#.....##≈♣≈≈P≈##..+ ..
##+#...##≈##≈##...# ##
#######..#######...#
...................#
#####...######.#...# #...#
#.....#


You could see 2 hobgoblins.

Vanquished Creatures
  2 goblins (D:1)
  4 hobgoblins (D:1)
  A kobold (D:1)
  A bat (D:1)
  2 rats (D:1)
10 creatures vanquished.

Notes
Turn   | Place    | Note
-------+----------+-------------------------------------------
     0 | D:1      | slep the Formicid Wanderer began the quest for the Orb.
     0 | D:1      | slep set off with: a book of Air, Ockodi's Tome of Venom, the Volume of Earth, a +0 robe, a +0 club, a bread ration
     0 | D:1      | Reached XP level 1. HP: 15/15 MP: 3/3
   155 | D:1      | Reached XP level 2. HP: 12/21 MP: 5/5
   208 | D:1      | HP: 1/21 [hobgoblin (3)]
   209 | D:1      | Succumbed to a kobold's poison

Vault maps used:
D:1:      ldierk_walled_garden_2, minmay_door_square

Action                   || total
-------------------------++-------
Melee: Club              ||    38
  Use: Potion            ||     1
Armor: Robe              ||     7
Dodge: Dodged            ||    23

Table legend:
 A = Spawn XP
 B = Non-spawn XP
 C = Spawn XP percentage of total XP
 D = Spawn monster count
 E = Non-spawn monster count
 F = Spawn count percentage of total count
 G = Total turns spent on level
                    A         B        C        D         E        F      G
               +---------+---------+-------+---------+---------+-------+---------
         Total |       0 |      17 |   0.0 |       0 |      10 |   0.0 |   209
               +---------+---------+-------+---------+---------+-------+---------
           D:1 |       0 |      17 |   0.0 |       0 |      10 |   0.0 |   209
               +---------+---------+-------+---------+---------+-------+---------
